[Event "Titled Tuesday Blitz January 03 Early 2023"]
[White "Lamaze, Simon"]
[Black "Jones, Gawain C B"]
[WhiteFideId "36069264"]
[BlackFideId "409561"]
[WhiteElo "2363"]
[BlackElo "2618"]
[Result "0-1"]
[Round "03"]
[TimeControl "180+2"]
[Date "2023.01.03"]
[WhiteClock "0:00:08"]
[BlackClock "0:00:08"]

1. d4 Nf6 2. c4 g6 3. Nc3 Bg7 4. e4 d6 5. h3 O-O 6. Be3 e5 7. d5 Na6 8. g4 Nc5 9. f3 a5 10. h4 h5 11. g5 Nfd7 12. Nh3 Nb8 13. Rb1 Bxh3 14. Rxh3 f6 15. Rg3 f5 16. exf5 gxf5 17. Rg2 Nbd7 18. Kf2 f4 19. Bxc5 Nxc5 20. Bd3 e4 21. Nxe4 Bd4+ 22. Kf1 Nxe4 23. Bxe4 Be3 24. Re2 Qd7 25. Kg2 Rae8 26. Qd3 Re5 27. Bg6 Kg7 28. Bxh5 Qf5 29. Qxf5 Rexf5 30. Bg4 Re5 31. Be6 Rh8 32. Rh1 c5 33. a4 Rh5 34. b3 Rh8 35. Ree1 Kg6 36. Bg4 Kg7 37. Rh3 Rhe8 38. Be6 Rh8 39. Re2 Kg6 40. Kf1 Re8 41. Rg2 Rh8 42. h5+ Kg7 43. h6+ Kg6 44. Ke2 Bd4+ 45. Kd3 Re3+ 46. Kd2 Rxb3 47. Kc1 Ra3 48. Rhh2 Rxa4 49. h7 Rxc4+ 50. Kd2 Bg7 51. Kd3 Rd4+ 52. Ke2 Rb4 53. Kd3 a4 54. Rg4 Rb3+ 55. Ke4 Rb4+ 56. Kd3 a3 57. Ra2 Bb2 58. Bg8 b5 59. Kc2 Rc4+ 60. Kb3 Rc3# 0-1


[Site "https://www.chess.com"]

[Event "Titled Tuesday Blitz January 03 Early 2023"]
[White "Ozen, Bahadir"]
[Black "Khumalo, Keith"]
[WhiteFideId "6337058"]
[BlackFideId "14319470"]
[WhiteElo "2369"]
[BlackElo "2099"]
[Result "1/2-1/2"]
[Round "03"]
[TimeControl "180+2"]
[Date "2023.01.03"]
[WhiteClock "0:00:08"]
[BlackClock "0:00:16"]

1. g3 d5 2. Nf3 c5 3. Bg2 Nc6 4. d4 cxd4 5. Nxd4 Nf6 6. c4 e6 7. O-O Bc5 8. Nxc6 bxc6 9. Qc2 Bb6 10. Nc3 O-O 11. b3 Ba6 12. Na4 Bd4 13. Rb1 Nd7 14. Ba3 Re8 15. Rfd1 Bf6 16. e3 Rc8 17. Rbc1 Qa5 18. Qd2 Qxd2 19. Rxd2 g6 20. Bb2 Bxb2 21. Nxb2 Rb8 22. Rdc2 Kf8 23. h3 h5 24. Nd3 Ke7 25. Bf1 Rb7 26. f3 Reb8 27. Kf2 dxc4 28. bxc4 Rb1 29. Be2 Rxc1 30. Rxc1 Kd6 31. c5+ Ke7 32. Rc2 Bxd3 33. Bxd3 Rb4 34. Be4 Ne5 35. Ke2 f5 36. Bd3 Nd7 37. e4 Ra4 38. exf5 gxf5 39. Ke3 Kf6 40. Be2 Ra3+ 41. Kf2 Ra5 42. g4 hxg4 43. fxg4 Nxc5 44. gxf5 exf5 45. Bf3 Ne4+ 46. Bxe4 fxe4 47. Rxc6+ Ke5 48. Rc2 Kf4 49. h4 Rh5 50. Rc7 Ra5 51. Rc2 Ra3 52. h5 Rh3 53. Rc7 Rh2+ 54. Ke1 Rxa2 55. h6 Ke3 56. Kd1 Ra1+ 57. Kc2 a5 58. h7 Rh1 59. Ra7 Rh2+ 60. Kc3 Ke2 61. Kd4 e3 62. Rxa5 Rh4+ 63. Ke5 Rh5+ 64. Kf4 Rxh7 65. Ra2+ Kd3 66. Ra3+ Kd2 67. Ra2+ Kd3 68. Ra3+ Kd4 69. Ra4+ Kc3 70. Kxe3 Re7+ 71. Kf2 Kb3 72. Rf4 Rc7 73. Kf3 Rc3+ 74. Kg4 Rc7 75. Kg3 Rc5 76. Kf3 Rc3+ 77. Kg4 Rc7 78. Kg3 Rc3+ 79. Kg4 1/2-1/2


[Site "https://www.chess.com"]

[Event "Titled Tuesday Blitz January 03 Early 2023"]
[White "Papp, Levente"]
[Black "Oliveira, Silvio Eduardo"]
[WhiteFideId "751243"]
[BlackFideId "2111560"]
[WhiteElo "2353"]
[BlackElo "2297"]
[Result "0-1"]
[Round "03"]
[TimeControl "180+2"]
[Date "2023.01.03"]
[WhiteClock "0:00:03"]
[BlackClock "0:00:07"]

1. c4 e6 2. Nf3 d5 3. g3 Nf6 4. b3 b6 5. cxd5 exd5 6. Bb2 Bd6 7. Bg2 O-O 8. O-O Bb7 9. d3 c5 10. Nbd2 Nc6 11. e4 d4 12. Nh4 Re8 13. f4 Bf8 14. a4 g6 15. Nc4 Nd7 16. e5 a6 17. b4 cxb4 18. Bxd4 Nxd4 19. Bxb7 Ra7 20. Bg2 b3 21. Kh1 Nc2 22. Rb1 Nc5 23. Rxb3 Nxb3 24. Qxc2 Nd4 25. Qf2 Bc5 26. Qb2 b5 27. Ne3 bxa4 28. Nd5 Re6 29. Qc3 Rd7 30. Nf6+ Rxf6 31. exf6 Bf8 32. f5 a3 33. fxg6 hxg6 34. Nxg6 fxg6 35. Qc4+ Kh8 36. Rf4 g5 37. Rf1 Qc7 38. Qa4 Ne2 39. Be4 Nc3 40. Qxa6 Nxe4 41. dxe4 Rd2 42. Qe6 Qh7 43. h3 a2 44. f7 Qg7 45. e5 Rf2 46. Ra1 Qh7 47. Qd5 Qc2 48. Kg1 Rh2 49. Qf3 Rxh3 50. Qf6+ Kh7 51. Qf3 Qh2+ 52. Kf1 Qh1+ 53. Ke2 Qxa1 54. Qf5+ Kh6 55. Qe6+ Kg7 56. Qf6+ Kh7 57. Qf5+ Kh8 58. Qxh3+ Kg7 59. Qf5 Qb2+ 60. Kf3 Qb3+ 61. Kg4 Qxf7 62. Qxg5+ Qg6 63. e6 a1=Q 0-1


[Site "https://www.chess.com"]

[Event "Titled Tuesday Blitz January 03 Early 2023"]
[White "Sharifov, Mekhriddin"]
[Black "Lashkin, Jegor"]
[WhiteFideId "14701545"]
[BlackFideId "13907808"]
[WhiteElo "2209"]
[BlackElo "2416"]
[Result "0-1"]
[Round "03"]
[TimeControl "180+2"]
[Date "2023.01.03"]
[WhiteClock "0:00:11"]
[BlackClock "0:00:15"]

1. e4 c5 2. Nf3 d6 3. d4 cxd4 4. Nxd4 Nf6 5. Nc3 a6 6. Bg5 e6 7. f4 Qb6 8. Qd2 Qxb2 9. Rb1 Qa3 10. f5 Nc6 11. fxe6 Bxe6 12. Rxb7 Nxd4 13. Qxd4 Be7 14. Be2 Rc8 15. Bd2 Nd7 16. Nd5 Bxd5 17. exd5 Bf6 18. Qg4 Rd8 19. O-O Ne5 20. Qb4 Qxa2 21. c4 O-O 22. Qa5 Qc2 23. Qc3 Nf3+ 24. Rxf3 Bxc3 25. Bxc3 Qxe2 26. Rg3 g6 27. h3 Qxc4 28. Kh2 Qxd5 0-1


[Site "https://www.chess.com"]

[Event "Titled Tuesday Blitz January 03 Early 2023"]
[White "Renjith, Sravan"]
[Black "Galchenko, Matvey"]
[WhiteFideId "4306783"]
[BlackFideId "24175480"]
[WhiteElo "2172"]
[BlackElo "2438"]
[Result "0-1"]
[Round "03"]
[TimeControl "180+2"]
[Date "2023.01.03"]
[WhiteClock "0:00:09"]
[BlackClock "0:00:08"]

1. d4 Nf6 2. Nf3 c5 3. c3 g6 4. Bf4 Bg7 5. e3 O-O 6. h3 cxd4 7. exd4 d6 8. Nbd2 Nc6 9. Be2 Re8 10. O-O e5 11. dxe5 dxe5 12. Bh2 e4 13. Ne1 e3 14. fxe3 Nd5 15. Nc4 Nxe3 16. Qxd8 Nxd8 17. Nxe3 Rxe3 18. Bf3 Bd7 19. Nc2 Re8 20. Rad1 Ba4 21. b3 Bc6 22. Nd4 Bxf3 23. Rxf3 a6 24. Rdf1 Re7 25. g4 Rc8 26. Rd1 Rd7 27. Kf1 Ne6 28. Bg1 Rcd8 29. Rd2 Ng5 30. Re3 Bh6 31. Rde2 Rc8 32. Re8+ Rxe8 33. Rxe8+ Bf8 34. Be3 f6 35. h4 Kf7 36. Rb8 Ne4 37. c4 Bc5 38. Nc2 Bd6 39. Rc8 Bg3 40. Nd4 Bxh4 41. c5 Bg5 42. Bxg5 Nxg5 43. c6 bxc6 44. Nxc6 Ne6 45. Nb8 Rd1+ 46. Ke2 Ra1 47. a4 Nd4+ 48. Kd3 Nxb3 49. Nxa6 Rxa4 50. Rc7+ Ke6 51. Nb8 Rxg4 52. Rxh7 Nc5+ 53. Ke3 g5 54. Nc6 Ra4 55. Nd4+ Kd5 56. Nf5 Ke5 57. Nh6 Ra3+ 58. Kf2 Ne4+ 59. Kg2 f5 60. Re7+ Kf4 61. Rf7 Ra2+ 62. Kg1 Ng3 63. Rb7 g4 64. Rb4+ Kg5 65. Nxg4 Ne2+ 66. Kg2 fxg4 67. Rb5+ Kh4 68. Rb4 Nd4+ 69. Kg1 Nf3+ 70. Kf1 Ra1+ 71. Kf2 Kh3 72. Rb8 Ra2+ 73. Kf1 Nd2+ 74. Kg1 Ne4 75. Rb3+ g3 76. Rb1 Rg2+ 77. Kf1 Nd2+ 78. Ke1 Rg1+ 0-1


[Site "https://www.chess.com"]

[Event "Titled Tuesday Blitz January 03 Early 2023"]
[White "Madaminov, Mukhiddin"]
[Black "Yaran, Siar"]
[WhiteFideId "14210703"]
[BlackFideId "6323006"]
[WhiteElo "2422"]
[BlackElo "2288"]
[Result "1-0"]
[Round "03"]
[TimeControl "180+2"]
[Date "2023.01.03"]
[WhiteClock "0:01:32"]
[BlackClock "0:00:11"]

1. d4 Nf6 2. Nc3 d5 3. Bf4 a6 4. e3 e6 5. g4 c5 6. g5 Nfd7 7. Nf3 Nc6 8. Bg2 Be7 9. Ne2 b5 10. c3 Bb7 11. O-O h6 12. gxh6 g5 13. Bg3 Rxh6 14. dxc5 Nxc5 15. Nfd4 Ne4 16. Nxc6 Bxc6 17. Nd4 Bb7 18. a4 b4 19. c4 dxc4 20. Qc2 Nxg3 21. fxg3 Bxg2 22. Qxg2 Rc8 23. Rac1 Qd5 24. Qxd5 exd5 25. Nf5 Rf6 26. g4 Bf8 27. Rfd1 Rd8 28. Kg2 Re6 29. Kf3 f6 30. h4 gxh4 31. Nxh4 Rd7 32. Nf5 Bc5 33. Rh1 Kd8 34. Rh6 Rb6 35. a5 Rb5 36. Rxf6 Rxa5 37. Rc6 Rc7 38. Re6 Ra2 39. Re5 Rd7 40. Rd1 c3 41. bxc3 b3 42. Rexd5 Rxd5 43. Rxd5+ Ke8 44. Rxc5 b2 45. Rc8+ Kd7 46. Rb8 Kc7 47. Rb3 a5 48. Nd4 a4 49. Rb4 a3 50. Kf4 Ra1 51. Nb5+ Kc6 52. Nxa3 Rxa3 53. Rxb2 Rxc3 54. Rd2 1-0


[Site "https://www.chess.com"]

[Event "Titled Tuesday Blitz January 03 Early 2023"]
[White "Leenhouts, Koen"]
[Black "Bacrot, Etienne"]
[WhiteFideId "1008439"]
[BlackFideId "605506"]
[WhiteElo "2447"]
[BlackElo "2667"]
[Result "1/2-1/2"]
[Round "03"]
[TimeControl "180+2"]
[Date "2023.01.03"]
[WhiteClock "0:00:08"]
[BlackClock "0:00:05"]

1. d4 Nf6 2. c4 e6 3. Nc3 d5 4. cxd5 exd5 5. Bg5 Be7 6. Qc2 c6 7. e3 O-O 8. Bd3 h6 9. Bh4 Be6 10. Nge2 Ne8 11. Bg3 Nd6 12. Nf4 Bc8 13. O-O a5 14. Rae1 Na6 15. a3 Nc7 16. f3 b5 17. e4 b4 18. Nce2 Bd7 19. Nh5 dxe4 20. fxe4 Bg4 21. Nhf4 bxa3 22. bxa3 Ndb5 23. h3 Bxe2 24. Nxe2 Nxd4 25. Nxd4 Qxd4+ 26. Kh1 Ne6 27. Bc4 Qc5 28. Qa2 Qxa3 29. Bxe6 Qxg3 30. Bxf7+ Kh8 31. e5 Bg5 32. Re4 Rad8 33. e6 Be7 34. Rg4 Qe5 35. Qa1 Qxa1 36. Rxa1 Ra8 37. Rga4 Rfd8 38. Rxa5 Rxa5 39. Rxa5 g6 40. Bxg6 Kg7 41. Bf7 c5 42. Ra4 Rd4 43. Rxd4 cxd4 44. Kg1 Kf6 45. Kf1 Ke5 46. Ke2 Ke4 47. Bg6+ Ke5 48. Bf7 Ke4 49. g4 d3+ 50. Kd1 Ke3 51. Bg6 d2 52. Bf5 Bf6 53. Bg6 Be7 54. Bf5 Bg5 55. Bg6 Be7 1/2-1/2


[Site "https://www.chess.com"]

[Event "Titled Tuesday Blitz January 03 Early 2023"]
[White "Defend1r"]
[Black "Boros, Denes"]
[BlackFideId "722340"]
[WhiteElo "2539"]
[BlackElo "2406"]
[Result "0-1"]
[Round "03"]
[TimeControl "180+2"]
[Date "2023.01.03"]
[WhiteClock "0:00:10"]
[BlackClock "0:00:10"]

1. e4 g6 2. d4 d5 3. exd5 Qxd5 4. Nf3 Bg7 5. Be2 Nh6 6. O-O O-O 7. c4 Qd8 8. Bf4 Nf5 9. Be5 Bxe5 10. dxe5 Nc6 11. Nc3 Nfd4 12. Re1 Bf5 13. Rc1 Kg7 14. Nd5 Nxe2+ 15. Qxe2 e6 16. Nf4 Nd4 17. Qd1 c5 18. Nd2 Qg5 19. g3 Rad8 20. h4 Qh6 21. Ne4 Kh8 22. Nxc5 Nc2 23. Qe2 Nxe1 24. Rxe1 b6 25. Ne4 Bxe4 26. Qxe4 Rd2 27. b3 Rfd8 28. a4 Qf8 29. Qf3 Qe7 30. Re3 Rd1+ 31. Kg2 Rb1 32. Qe4 Rdd1 33. Rd3 Kg7 34. Kf3 Rxd3+ 35. Qxd3 Ra1 36. h5 g5 37. Ng2 h6 38. Ne3 Qb7+ 39. Kg4 Qh1 40. Qd8 Qe4+ 41. f4 gxf4 42. Qf6+ Kg8 43. Qd8+ Kh7 44. Qf6 fxe3+ 45. Kh3 Rh1# 0-1


[Site "https://www.chess.com"]

[Event "Titled Tuesday Blitz January 03 Early 2023"]
[White "Tan, Zhongyi"]
[Black "Riff, Vincent"]
[WhiteFideId "8603642"]
[BlackFideId "617776"]
[WhiteElo "2517"]
[BlackElo "2383"]
[Result "1-0"]
[Round "03"]
[TimeControl "180+2"]
[Date "2023.01.03"]
[WhiteClock "0:01:00"]
[BlackClock "0:01:44"]

1. e4 c5 2. Nf3 Nc6 3. Bb5 d6 4. O-O Bd7 5. Re1 Nf6 6. c3 a6 7. Bf1 Bg4 8. h3 Bh5 9. d3 e6 10. Be3 Be7 11. Nbd2 O-O 12. d4 cxd4 13. cxd4 d5 14. e5 Nd7 15. a3 Rc8 16. Bd3 Bg6 17. Bxg6 hxg6 18. g3 Na5 19. h4 Nc4 20. Rb1 Ndb6 21. Kg2 f5 22. exf6 Bxf6 23. Bg5 Nxd2 24. Qxd2 Nc4 25. Qd3 Kh7 26. Rxe6 Qd7 27. Rbe1 Rc6 28. Rxc6 bxc6 29. h5 Qf7 30. hxg6+ 1-0


[Site "https://www.chess.com"]

[Event "Titled Tuesday Blitz January 03 Early 2023"]
[White "Krivonosov, Oleg"]
[Black "Arias, Juan Cruz"]
[WhiteFideId "11600349"]
[BlackFideId "118540"]
[WhiteElo "2359"]
[BlackElo "2320"]
[Result "1-0"]
[Round "03"]
[TimeControl "180+2"]
[Date "2023.01.03"]
[WhiteClock "0:01:31"]
[BlackClock "0:00:53"]

1. Nf3 d5 2. d4 Nf6 3. c4 e6 4. g3 dxc4 5. Qa4+ Bd7 6. Qxc4 c5 7. dxc5 Qc7 8. Bf4 Qxc5 9. Qxc5 Bxc5 10. Bg2 Bc6 11. O-O Nbd7 12. Nc3 O-O 13. Ne5 Bxg2 14. Kxg2 Nxe5 15. Bxe5 Nd7 16. Bf4 Nb6 17. Rad1 Rfd8 18. Bc7 Rxd1 19. Rxd1 Kf8 20. Ne4 Be7 21. Bxb6 axb6 22. a3 Ke8 23. Nd6+ Bxd6 24. Rxd6 Ra6 25. e4 e5 26. Kf3 Ke7 27. Rd2 Ra5 28. Ke3 Rb5 29. b4 f5 30. f3 1-0


[Site "https://www.chess.com"]

[Event "Titled Tuesday Blitz January 03 Early 2023"]
[White "Goltseva, Ekaterina"]
[Black "Borges Feria, Yasel"]
[WhiteFideId "24173770"]
[BlackFideId "3504921"]
[WhiteElo "2283"]
[BlackElo "2439"]
[Result "0-1"]
[Round "03"]
[TimeControl "180+2"]
[Date "2023.01.03"]
[WhiteClock "0:00:01"]
[BlackClock "0:00:36"]

1. d4 Nf6 2. c4 e6 3. g3 Bb4+ 4. Nd2 O-O 5. Bg2 a5 6. Nf3 d6 7. O-O Bxd2 8. Bxd2 Nbd7 9. Qc2 Re8 10. Bc3 d5 11. Nd2 c6 12. e4 Nxe4 13. Nxe4 dxe4 14. Bxe4 Nf6 15. Bg2 Bd7 16. Rad1 Rb8 17. Qd2 b6 18. Rfe1 h6 19. Qf4 Nh5 20. Qg4 Nf6 21. Qf3 b5 22. d5 exd5 23. Bxf6 Qxf6 24. Qxf6 gxf6 25. cxd5 c5 26. d6 c4 27. Re7 Rbd8 28. Bd5 Rxe7 29. dxe7 Re8 30. Re1 Be6 31. Bxe6 Rxe7 32. Bxf7+ Kxf7 33. Rc1 Re2 34. a4 Rxb2 35. axb5 Rb4 36. b6 Ke6 37. Ra1 a4 38. b7 Kd5 39. Rxa4 Rxb7 40. Ra6 c3 41. Kf1 Rb1+ 42. Ke2 c2 0-1


[Site "https://www.chess.com"]

[Event "Titled Tuesday Blitz January 03 Early 2023"]
[White "Kaasen, Tor Fredrik"]
[Black "Omelja, Artem"]
[WhiteFideId "1516647"]
[BlackFideId "14119846"]
[WhiteElo "2480"]
[BlackElo "2446"]
[Result "1-0"]
[Round "03"]
[TimeControl "180+2"]
[Date "2023.01.03"]
[WhiteClock "0:00:35"]
[BlackClock "0:00:02"]

1. Nf3 Nf6 2. c4 e6 3. e3 d5 4. Nc3 Be7 5. b3 O-O 6. Bb2 c5 7. cxd5 Nxd5 8. Nxd5 Qxd5 9. Bc4 Qh5 10. g4 Qh3 11. Rg1 b6 12. Rg3 Qh6 13. h4 Bb7 14. h5 Nd7 15. Qe2 Bd6 16. Rg1 Rae8 17. O-O-O f6 18. d4 cxd4 19. Rxd4 Bxf3 20. Qxf3 Ne5 21. Qe2 Nxc4 22. Rxc4 Qg5 23. f4 Qb5 24. Kb1 Rc8 25. g5 f5 26. h6 g6 27. Qd3 Rxc4 28. bxc4 Qb4 29. Qd4 Kf7 30. Qf6+ Ke8 31. Qxe6+ Be7 32. Rd1 Qc5 33. Bg7 Rf7 34. Qd7# 1-0


[Site "https://www.chess.com"]

[Event "Titled Tuesday Blitz January 03 Early 2023"]
[White "Bayo Milagro, Alvaro"]
[Black "Ordekalog"]
[WhiteFideId "22275240"]
[WhiteElo "2287"]
[BlackElo "2701"]
[Result "0-1"]
[Round "03"]
[TimeControl "180+2"]
[Date "2023.01.03"]
[WhiteClock "0:01:54"]
[BlackClock "0:01:58"]

1. e4 d5 2. exd5 Qxd5 3. Nc3 Qa5 4. d4 Nf6 5. Bc4 Bg4 6. f3 Bf5 7. Bd2 c6 8. Qe2 e6 9. O-O-O Bb4 10. Kb1 b5 11. Bd3 Bxd3 12. Qxd3 Bxc3 13. Bxc3 b4 14. Bd2 Nd5 15. h4 Nd7 16. h5 Qb5 17. h6 Qxd3 18. hxg7 Qxd4 0-1


[Site "https://www.chess.com"]

[Event "Titled Tuesday Blitz January 03 Early 2023"]
[White "Subelj, Jan"]
[Black "Gurevich, Dmitry"]
[WhiteFideId "14618583"]
[BlackFideId "2000407"]
[WhiteElo "2513"]
[BlackElo "2393"]
[Result "1/2-1/2"]
[Round "03"]
[TimeControl "180+2"]
[Date "2023.01.03"]
[WhiteClock "0:00:08"]
[BlackClock "0:00:08"]

1. c3 d5 2. d4 Nf6 3. Nf3 g6 4. Bf4 Bg7 5. Nbd2 O-O 6. h3 b6 7. e3 Bb7 8. Be2 c5 9. O-O Nc6 10. Ne5 Nxe5 11. Bxe5 Nd7 12. Bxg7 Kxg7 13. a4 a6 14. b4 e5 15. Qb3 c4 16. Qb2 exd4 17. exd4 Re8 18. Bf3 Nf6 19. Nxc4 Rc8 20. Ne5 Nd7 21. Nxd7 Qxd7 22. Bg4 f5 23. Bf3 Bc6 24. a5 Bb5 25. Rfe1 bxa5 26. bxa5 Qc6 27. Qb4 Qxc3 28. Re7+ Kh6 29. Qxc3 Rxc3 30. Rxe8 Bxe8 31. Bxd5 Bb5 32. Bf3 Rd3 33. d5 Kg5 34. Re1 Bc4 35. Be2 Rd4 36. Bxc4 Rxc4 37. Rd1 Rc7 38. g3 Kf6 39. f4 Rd7 40. Kf2 Ke7 41. Re1+ Kd6 42. Re6+ Kxd5 43. Rxa6 Rb7 44. Rb6 Rc7 45. a6 Rc2+ 46. Ke3 Rc3+ 47. Kf2 Ra3 48. h4 Ke4 49. Re6+ Kd5 50. Re7 Rxa6 51. Rxh7 Ra2+ 52. Kf3 Ra3+ 53. Kg2 Ra2+ 54. Kh3 Ke4 55. Rb7 Kf3 56. Rb3+ Kf2 57. h5 gxh5 58. Kh4 Ra7 59. Kxh5 Rg7 60. Kh6 Rg4 61. Kh5 Rg8 62. Rb5 Kxg3 63. Rxf5 Rh8+ 64. Kg6 Kg4 65. Rf7 Rg8+ 66. Kh7 Ra8 67. f5 Kg5 68. Kg7 Ra5 69. f6 Ra6 70. Rf8 Rb6 71. Rf7 Ra6 72. Rf8 Rb6 73. f7 Rg6+ 74. Kh7 Rh6+ 75. Kg7 Rg6+ 76. Kh7 Rh6+ 77. Kg7 Rg6+ 1/2-1/2


[Site "https://www.chess.com"]

[Event "Titled Tuesday Blitz January 03 Early 2023"]
[White "Fernandez Garcia, Gumersindo"]
[Black "Klukin, Kirill"]
[WhiteFideId "24516740"]
[BlackFideId "24199273"]
[WhiteElo "2160"]
[BlackElo "2390"]
[Result "0-1"]
[Round "03"]
[TimeControl "180+2"]
[Date "2023.01.03"]
[WhiteClock "0:00:03"]
[BlackClock "0:00:14"]

1. g3 g6 2. Bg2 Bg7 3. d3 e6 4. a3 Ne7 5. Nd2 O-O 6. Ngf3 d5 7. O-O b6 8. c4 Bb7 9. Re1 Nd7 10. e4 c5 11. Qc2 Qc7 12. Nf1 dxe4 13. dxe4 Nc6 14. Bf4 Nde5 15. Nxe5 Bxe5 16. Bxe5 Qxe5 17. Rad1 Rfd8 18. f4 Qc7 19. Ne3 Nd4 20. Qf2 h5 21. Nc2 Nc6 22. e5 Ne7 23. Ne3 Nc6 24. Nc2 Rd7 25. Bf3 Rad8 26. Qf1 Nd4 27. Nxd4 Rxd4 28. Rxd4 Rxd4 29. Rd1 Qd7 30. Re1 Bxf3 31. Qxf3 Rxc4 32. Rd1 Rd4 33. Re1 Rd2 34. Re2 Qd4+ 35. Kg2 Qxb2 36. Rxd2 Qxd2+ 37. Kh3 Qd5 38. Qc3 c4 39. Kh4 Qd8+ 40. Kh3 Qd5 41. Kh4 Kg7 42. Qb4 Qc5 43. Qc3 b5 44. Kh3 Qb6 45. Qb4 Qc7 46. Qc3 a5 47. Kh4 b4 48. axb4 axb4 49. Qxb4 c3 50. Qb1 c2 51. Qc1 Qc3 52. h3 Qd3 53. g4 hxg4 54. Qa3 Qxa3 0-1


[Site "https://www.chess.com"]

[Event "Titled Tuesday Blitz January 03 Early 2023"]
[White "Dourerassou, Jonathan"]
[Black "Mohammed, Zozek Salah Mohammed"]
[WhiteFideId "628050"]
[BlackFideId "4803361"]
[WhiteElo "2414"]
[BlackElo "2210"]
[Result "1-0"]
[Round "03"]
[TimeControl "180+2"]
[Date "2023.01.03"]
[WhiteClock "0:01:54"]
[BlackClock "0:00:17"]

1. d4 Nf6 2. Bg5 c5 3. Bxf6 gxf6 4. d5 d6 5. c4 Qb6 6. Qc1 Bh6 7. e3 Bf5 8. Nc3 Nd7 9. Nge2 Bd3 10. Ng3 Ne5 11. b3 Bxf1 12. Kxf1 e6 13. Nh5 Ke7 14. Qd2 Rhg8 15. Ng3 Rg6 16. f4 Ng4 17. dxe6 fxe6 18. h3 Ne5 19. Nf5+ 1-0


[Site "https://www.chess.com"]

[Event "Titled Tuesday Blitz January 03 Early 2023"]
[White "Sychev, Klementy"]
[Black "Melaugh, Shane"]
[WhiteFideId "4114060"]
[BlackFideId "2509580"]
[WhiteElo "2547"]
[BlackElo "2115"]
[Result "1-0"]
[Round "03"]
[TimeControl "180+2"]
[Date "2023.01.03"]
[WhiteClock "0:00:45"]
[BlackClock "0:00:10"]

1. e4 c5 2. Nf3 Nc6 3. d4 cxd4 4. Nxd4 Nf6 5. Nc3 e6 6. Ndb5 Bc5 7. Nd6+ Ke7 8. Bf4 e5 9. Nf5+ Kf8 10. Bg5 Bb4 11. Bd3 d5 12. exd5 Qxd5 13. Bxf6 gxf6 14. O-O Bxc3 15. bxc3 Rg8 16. g3 e4 17. Bxe4 Qe5 18. Qf3 Bxf5 19. Bxf5 Rg5 20. Bxh7 Kg7 21. Bd3 Rh8 22. Kg2 Qxc3 23. Rab1 Ne5 24. Qe4 f5 25. Qxb7 Nxd3 26. cxd3 Qxd3 27. Qb2+ Kg6 28. Qxh8 Qe4+ 29. Kg1 Rh5 30. Qg8+ Kh6 31. Rbd1 1-0


[Site "https://www.chess.com"]

[Event "Titled Tuesday Blitz January 03 Early 2023"]
[White "Wagner, Dennis"]
[Black "Alfaro, William"]
[WhiteFideId "24650684"]
[BlackFideId "6100457"]
[WhiteElo "2595"]
[BlackElo "2134"]
[Result "0-1"]
[Round "03"]
[TimeControl "180+2"]
[Date "2023.01.03"]
[WhiteClock "0:00:02"]
[BlackClock "0:00:39"]

1. d4 Nf6 2. Nf3 g6 3. Nbd2 Bg7 4. e4 d5 5. e5 Ne4 6. Bd3 Nxd2 7. Bxd2 c5 8. c3 O-O 9. h3 Qb6 10. O-O Nc6 11. dxc5 Qxc5 12. b4 Qb6 13. Re1 d4 14. b5 dxc3 15. Bxc3 Nd8 16. Qd2 a5 17. Bd4 Qc7 18. Rac1 Qd7 19. Qe3 Ne6 20. Bb6 Qd5 21. Bc4 Qd7 22. Red1 Qe8 23. Qd2 a4 24. a3 h6 25. h4 h5 26. g3 Kh7 27. Kg2 Bh6 28. Ng5+ Kg8 29. f4 Ng7 30. Qd5 Bxg5 31. hxg5 Be6 32. Qe4 Bf5 33. Qf3 Bg4 34. Qe4 Bxd1 35. Rxd1 Rc8 36. Be2 Rc3 37. Qxa4 Qc8 38. Rd2 h4 39. Bd4 Rxg3+ 40. Kf2 Nf5 41. Bb6 Qc3 42. Qb4 Qxa3 43. Qxa3 Rxa3 44. Bc5 Rc3 45. Bb4 Rb3 46. Bc5 Rc8 47. Ba7 Rcc3 48. b6 Kg7 49. Rd7 h3 50. Rxb7 Rb2 51. Rb8 h2 0-1


[Site "https://www.chess.com"]

[Event "Titled Tuesday Blitz January 03 Early 2023"]
[White "Leiva, Gianmarco"]
[Black "Adury, Anant"]
[WhiteFideId "3804399"]
[BlackFideId "30964687"]
[WhiteElo "2392"]
[BlackElo "2123"]
[Result "1-0"]
[Round "03"]
[TimeControl "180+2"]
[Date "2023.01.03"]
[WhiteClock "0:01:25"]
[BlackClock "0:01:40"]

1. Nf3 Nf6 2. g3 c5 3. Bg2 Nc6 4. O-O d6 5. d4 cxd4 6. Nxd4 Bd7 7. c4 Rc8 8. b3 Nxd4 9. Qxd4 Bc6 10. Qxa7 Bxg2 11. Kxg2 Qd7 12. Nc3 h5 13. h4 d5 14. Rd1 d4 15. Qxd4 Qc6+ 16. f3 e6 17. Be3 Bb4 18. Ne4 Be7 19. Nd6+ Bxd6 20. Qxd6 1-0


[Site "https://www.chess.com"]

[Event "Titled Tuesday Blitz January 03 Early 2023"]
[White "Ilinca Ilinca, Felix Antonio"]
[Black "Fedoseev, Vladimir"]
[WhiteFideId "54764998"]
[BlackFideId "24130737"]
[WhiteElo "2266"]
[BlackElo "2680"]
[Result "0-1"]
[Round "03"]
[TimeControl "180+2"]
[Date "2023.01.03"]
[WhiteClock "0:00:20"]
[BlackClock "0:01:06"]

1. c4 e5 2. Nc3 Nf6 3. Nf3 Nc6 4. g3 Nd4 5. Bg2 Nxf3+ 6. Bxf3 Bb4 7. d3 h6 8. Bd2 a5 9. a3 Bc5 10. O-O d6 11. b4 Bd4 12. e3 axb4 13. axb4 Rxa1 14. Qxa1 Bxc3 15. Bxc3 O-O 16. Bg2 b6 17. Qa7 Bf5 18. Rd1 Qd7 19. d4 Be4 20. dxe5 Bxg2 21. Kxg2 Qc6+ 22. Kg1 Ne4 23. Bd4 Ng5 24. Qa2 dxe5 25. Bc3 Nf3+ 26. Kf1 Nxh2+ 27. Ke1 Qh1+ 28. Ke2 Qf3+ 29. Ke1 Qg4 30. c5 Nf3+ 31. Kf1 Nd4 32. Ke1 Nf3+ 33. Kf1 b5 34. c6 Nd4 35. Ke1 Nxc6 36. Qd5 Nxb4 37. Qxe5 Nc2+ 38. Kf1 Qxd1+ 39. Kg2 Qg4 40. f3 Qg6 41. e4 b4 42. Bb2 Ne3+ 43. Kf2 Nd1+ 44. Ke1 Nxb2 45. Qxb2 Qxg3+ 0-1


[Site "https://www.chess.com"]

[Event "Titled Tuesday Blitz January 03 Early 2023"]
[White "Parpiev, Isaak"]
[Black "Pranav, V"]
[WhiteFideId "34281576"]
[BlackFideId "25060783"]
[WhiteElo "2167"]
[BlackElo "2597"]
[Result "0-1"]
[Round "03"]
[TimeControl "180+2"]
[Date "2023.01.03"]
[WhiteClock "0:00:12"]
[BlackClock "0:02:40"]

1. d4 Nf6 2. c4 Nc6 3. Nc3 e6 4. e4 Bb4 5. e5 Ne4 6. Qd3 d5 7. cxd5 exd5 8. a3 Ba5 9. b4 Bb6 10. Nce2 O-O 11. f3 Nxe5 12. Qc2 Bf5 13. fxe4 Bxe4 14. Qb3 Nd3+ 15. Kd2 Nf2 0-1


[Site "https://www.chess.com"]

[Event "Titled Tuesday Blitz January 03 Early 2023"]
[White "Kvaloy, Aksel Bu"]
[Black "Lazavik, Denis"]
[WhiteFideId "1528815"]
[BlackFideId "13515110"]
[WhiteElo "2321"]
[BlackElo "2544"]
[Result "0-1"]
[Round "03"]
[TimeControl "180+2"]
[Date "2023.01.03"]
[WhiteClock "0:01:00"]
[BlackClock "0:00:38"]

1. d4 f5 2. e4 fxe4 3. Nc3 Nf6 4. Bg5 g6 5. f3 d5 6. Bxf6 exf6 7. fxe4 dxe4 8. Nxe4 Qe7 9. Qe2 Bg7 10. O-O-O f5 11. Nc3 Qxe2 12. Bxe2 c6 13. Bc4 Kf8 14. Nf3 Bf6 15. Rhe1 Kg7 16. d5 Rd8 17. Nd4 b5 18. Bb3 Bxd4 19. Rxd4 c5 20. Nxb5 cxd4 21. Nc7 Na6 22. Ne6+ Bxe6 23. dxe6 Nc5 24. Bc4 Ne4 25. Bb5 Kf6 0-1


[Site "https://www.chess.com"]

[Event "Titled Tuesday Blitz January 03 Early 2023"]
[White "Ozdemir, Serhan Berat"]
[Black "Oparin, Grigoriy"]
[WhiteFideId "6374611"]
[BlackFideId "24125890"]
[WhiteElo "2223"]
[BlackElo "2667"]
[Result "0-1"]
[Round "03"]
[TimeControl "180+2"]
[Date "2023.01.03"]
[WhiteClock "0:00:02"]
[BlackClock "0:00:07"]

1. e4 d5 2. exd5 Qxd5 3. Nc3 Qd6 4. d4 c6 5. g3 Bf5 6. Bg2 e6 7. Nf3 Qc7 8. O-O Nf6 9. Re1 Bd6 10. Ne5 Nbd7 11. Nc4 O-O 12. Nxd6 Qxd6 13. Bf4 Qb4 14. Qd2 Rfe8 15. a3 Qa5 16. b4 Qd8 17. b5 Nd5 18. bxc6 bxc6 19. Ne4 N7b6 20. Nd6 Re7 21. c4 Nxf4 22. Qxf4 Bg6 23. Bxc6 Rb8 24. c5 Nd7 25. Nb7 Qc8 26. Qd6 Nf6 27. Qxe7 Qxc6 28. Rab1 Bxb1 29. Rxb1 Ne4 30. Rb4 Rf8 31. Nd6 Nd2 32. Nxf7 Nf3+ 33. Kf1 Nxh2+ 34. Kg1 Nf3+ 35. Kf1 Qe4 36. Rb2 Nh2+ 37. Kg1 Nf3+ 38. Kf1 Qxd4 39. Nh6+ gxh6 40. Rb7 Nh2+ 41. Kg2 Qxf2+ 42. Kh3 Qf1+ 43. Kh4 Nf3+ 44. Kg4 Ne5+ 45. Kh4 Qh1# 0-1


[Site "https://www.chess.com"]